 Dungeon Crawl Stone Soup version 0.21.1-1-g345015fe64 (webtiles) character file.

4158 Ivernyr the Transmogrifier (level 10, -1/44 HPs)
             Began as a Vine Stalker Transmuter on Apr 13, 2018.
             Was a Priest of Sif Muna.
             Slain by a hornet (9 damage)
             ... on level 8 of the Dungeon.
             The game lasted 01:11:17 (9496 turns).

Ivernyr the Transmogrifier (VSTm)                   Turns: 9496, Time: 01:11:18

Health: -1/44      AC:  3    Str: 13    XL:     10   Next: 28%
Magic:  0/31       EV: 12    Int: 20    God:    Sif Muna [***...]
Gold:   460        SH:  0    Dex: 15    Spells: 16/24 levels left

rFire    . . .     SeeInvis .     - Unarmed
rCold    . . .     Gourm    .   (shield currently unavailable)
rNeg     . . .     Faith    .   b - +0 robe
rPois    .         Spirit   +   (no helmet)
rElec    .         Reflect  .   u - +0 cloak
rCorr    .         Harm     .   (gloves currently unavailable)
MR       +....                  (no boots)
Stlth    +.........             (no amulet)
HPRegen  0.54/turn              n - +4 ring of intelligence
MPRegen  0.22/turn              y - ring of magical power (curse)

@: lethally poisoned (-1 -> -4), blade hands (expiring), slowed, very slow
A: fangs 3, regeneration 1, magic shield, antimagic bite, no potion heal 3, rot
immunity
a: End Transformation, Divine Energy, Channel Magic, Renounce Religion


You were on level 8 of the Dungeon.
You worshipped Sif Muna.
Sif Muna was most pleased with you.
You were very hungry.
You had blades for hands.
You visited 1 branch of the dungeon, and saw 8 of its levels.
You also visited: Sewer and Ossuary.

You collected 460 gold pieces.

Inventory:

Missiles
 a - 91 arrows
Armour
 b - a +0 robe (worn)
 j - a scarf of cloud immunity
 u - a +0 cloak (worn)
 F - a +0 pair of gloves (melded)
Jewellery
 n - a +4 ring of intelligence (left scythe-like blade)
 s - an uncursed ring of flight
 y - a cursed ring of magical power (right scythe-like blade)
Wands
 q - a wand of enslavement (20)
 E - a wand of flame (8)
 G - a wand of paralysis (8)
Scrolls
 e - 2 scrolls of enchant weapon {unknown}
 f - 7 scrolls of remove curse
 g - 8 scrolls of identify {unknown}
 h - 3 scrolls of teleportation {unknown}
 i - a scroll of noise {unknown}
 r - 3 scrolls of fear {unknown}
 t - 2 scrolls of fog {unknown}
 w - a scroll of magic mapping {unknown}
 x - a scroll of blinking {unknown}
 z - a scroll of enchant armour {unknown}
 C - a scroll of random uselessness {unknown}
 D - a scroll of torment {unknown}
 H - a scroll of amnesia {unknown}
Potions
 k - 5 potions of curing
 l - 4 potions of flight
 m - a potion of degeneration {unknown}
 o - a potion of brilliance {unknown}
 p - 3 potions of might {unknown}
 v - 2 potions of heal wounds {unknown}
 A - a potion of resistance {unknown}
 B - a potion of agility {unknown}
Books
 c - a book of Changes

   Spells                             Type                      Level
   a - Beastly Appendage              Transmutation                1
   b - Sticks to Snakes               Transmutation                2
   c - Spider Form                    Transmutation/Poison         3
   d - Ice Form                       Ice/Transmutation            4
   e - Blade Hands                    Transmutation                5
Comestibles
 d - 10 rations


   Skills:
 - Level 0.8 Fighting
 - Level 2.0 Dodging
 + Level 7.9 Unarmed Combat
 + Level 7.5 Spellcasting
 * Level 10.5 Transmutations


You had 16 spell levels left.
You knew the following spells:

 Your Spells              Type           Power        Failure   Level  Hunger
a - Beastly Appendage     Tmut           #####.       8%          1    None
b - Sticks to Snakes      Tmut           #####...     9%          2    None
c - Blade Hands           Tmut           #####.....   26%         5    #####..


Dungeon Overview and Level Annotations

Branches:
Dungeon (8/15)             Temple (0/1) D:5
   Lair: D:8-11

Altars:
Ashenzari
Gozag
Okawaru
Sif Muna
Uskayaw
Zin
The Shining One
Beogh

Shops:
D:5 *


Innate Abilities, Weirdness & Mutations

You have razor-sharp teeth.
Your natural rate of healing is unusually fast.
When hurt, damage is shared between your health and your magic reserves.
Your bite disrupts and absorbs the magic of your enemies.
Potions cannot restore your health.
You are immune to rotting.


Message History

Your hands turn into razor-sharp scythe blades.
Your +0 pair of gloves melds into your body.
You are feeling very hungry.
You feel sick. The hornet stings you!
You are more poisoned.
You feel as though you will be slow longer.
The worker ant barely misses you.
The hornet stings you but does no damage.
The worker ant completely misses you.
A soldier ant comes into view.
Your transformation is almost over.
You feel yourself speed up.
You feel sick. The hornet stings you.
You feel yourself slow down.
You feel sick. The hornet stings you!
You feel as though you will be slow longer.
The worker ant completely misses you.
You feel sick. The hornet closely misses you. The hornet stings you!
* * * LOW HITPOINT WARNING * * *
You feel as though you will be slow longer.
You feel sick. The hornet stings you!
You die...

#.# ###.#...### #..
#.# #.###...# ...
#.#
#.......########...
#.#
######.............
#.# ###.####...####
#.#
####....##..#...##
##.#
#.....#....####..#
###..#
##.#....##..#####..
#[...#
#.@#..#.....##.....
#....#
###y##.....).......
#....#
#.#a##.##..........
#....#
#.#a###..#........
#..########.#†##
#.##........
##.####....##.#a#
..#.........
#..###.....#.#
###... ........
#.###......## ##...
#.#...## #.#
#.......# #...#
.....## #


You could see a soldier ant, a hornet and a worker ant.

Vanquished Creatures
  A gargoyle (D:6)
  The ghost of keat06 the Skirmisher, an amateur MiFi of Ru (D:4)
  Grinder (D:3)
  Sigmund (D:3)
  Eustachio (D:6)
  2 orc warriors
  A black bear (D:7)
  2 phantoms
  An ogre (D:7)
  A centaur (D:7)
  6 big kobolds
  Blork the orc (D:4)
  3 bullfrogs
  2 scorpions
  7 killer bees
  A centaur zombie (D:8)
  A jelly (D:5)
  2 bullfrog zombies
  Crazy Yiuf (D:5)
  3 orc priests
  5 hounds
  4 orc wizards
  Jessica (D:3)
  A bullfrog skeleton (D:8)
  3 iguanas
  Ijyb (D:3)
  11 worker ants
  15 mummies
  A gnoll (D:5)
  14 adders
  A river rat (D:6)
  A shadow imp (D:8)
  An ooze (D:3)
  3 adder skeletons (D:7)
  6 worms
  2 dart slugs (D:1)
  4 leopard geckos
  17 orcs
  7 ball pythons
  3 giant cockroaches
  8 goblins
  11 hobgoblins
  6 jackals
  6 quokkas
  4 bats
  5 frilled lizards
  A gnoll skeleton (Ossuary)
  2 goblin skeletons (Ossuary)
  58 kobolds
  4 kobold skeletons (Ossuary)
  An orc skeleton (Ossuary)
  A quokka zombie (D:8)
  9 rats
  11 rat skeletons (Ossuary)
267 creatures vanquished.

Notes
Turn   | Place    | Note
-------+----------+-------------------------------------------
     0 | D:1      | Ivernyr the Vine Stalker Transmuter began the quest for the Orb.
     0 | D:1      | Reached XP level 1. HP: 9/9 MP: 4/4
   219 | D:1      | Reached XP level 2. HP: 14/14 MP: 4/6
   223 | D:1      | Learned a level 2 spell: Sticks to Snakes
   869 | D:1      | Reached XP level 3. HP: 15/17 MP: 7/7
  1104 | D:2      | Reached skill level 3 in Transmutations
  1709 | D:2      | Gained mutation: Your natural rate of healing is unusually fast. [Vine Stalker growth]
  1709 | D:2      | Reached XP level 4. HP: 9/21 MP: 8/8
  1788 | D:2      | Found a faded altar of an unknown god.
  1948 | D:2      | Found an iron altar of Okawaru.
  2177 | D:3      | Noticed Jessica
  2185 | D:3      | Killed Jessica
  2265 | D:3      | Noticed Ijyb
  2355 | D:3      | Killed Ijyb
  2355 | D:3      | Reached XP level 5. HP: 25/25 MP: 10/10
  2411 | D:3      | Reached skill level 4 in Transmutations
  2672 | D:3      | Noticed Sigmund
  2690 | D:3      | Killed Sigmund
  2690 | D:3      | Reached skill level 5 in Transmutations
  2690 | D:3      | Reached XP level 6. HP: 29/29 MP: 10/12
  2713 | D:3      | Found an opulent altar of Gozag.
  2840 | D:3      | Noticed Grinder
  2857 | D:3      | Killed Grinder
  2857 | D:3      | Reached XP level 7. HP: 10/32 MP: 5/14
  3005 | D:4      | Found a shattered altar of Ashenzari.
  3113 | D:4      | Noticed keat06's ghost (amateur MiFi)
  3136 | D:4      | Noticed Blork the orc
  3145 | D:4      | Killed Blork the orc
  3261 | D:4      | Reached skill level 6 in Transmutations
  3338 | D:4      | Reached skill level 5 in Unarmed Combat
  3392 | D:4      | Killed keat06's ghost
  3392 | D:4      | Gained mutation: You have razor-sharp teeth. [Vine Stalker growth]
  3392 | D:4      | Reached XP level 8. HP: 10/37 MP: 3/15
  3549 | D:4      | Found a roughly hewn altar of Beogh.
  3915 | D:4      | Found a deep blue altar of Sif Muna.
  3931 | D:4      | Became a worshipper of Sif Muna the Loreminder
  4065 | D:4      | Reached skill level 7 in Transmutations
  4157 | D:5      | Entered Level 5 of the Dungeon
  4184 | D:5      | Found a staircase to the Ecumenical Temple.
  4293 | D:5      | Reached skill level 5 in Spellcasting
  4309 | D:5      | Found a glowing golden altar of the Shining One.
  4658 | D:5      | Found Zin's Purification Station.
  4658 | D:5      | Found a glowing silver altar of Zin.
  4760 | D:5      | Found a runed door.
  4766 | D:5      | Noticed Crazy Yiuf
  4773 | D:5      | Killed Crazy Yiuf
  4948 | D:5      | Found a hide-covered altar of Uskayaw.
  5119 | D:5      | Reached * piety under Sif Muna
  5119 | D:5      | Reached skill level 8 in Transmutations
  5157 | D:5      | Reached XP level 9. HP: 14/40 MP: 9/18
  5682 | D:5      | Learned a level 5 spell: Blade Hands
  6065 | D:6      | Found a glowing drain.
  6073 | Sewer    | Entered a sewer
  6677 | D:6      | Noticed a gargoyle
  6694 | D:6      | HP: 2/40 [gargoyle/stone arrow (17)]
  7131 | D:6      | Reached ** piety under Sif Muna
  7459 | D:6      | Killed a gargoyle
  7459 | D:6      | Reached skill level 9 in Transmutations
  7594 | D:6      | Noticed Eustachio
  7615 | D:6      | Killed Eustachio
  8043 | D:7      | Found a sand-covered staircase.
  8050 | Ossuary  | Entered an ossuary
  8610 | D:7      | Reached skill level 10 in Transmutations
  8610 | D:7      | Reached XP level 10. HP: 33/44 MP: 15/21
  8635 | D:7      | Reached *** piety under Sif Muna
  9496 | D:8      | Slain by a hornet

Skill      XL: |  1  2  3  4  5  6  7  8  9 |
---------------+----------------------------+-----
Dodging        | 2 |  2.0
Transmutations | 3 5 6 8 10 | 10.5
Spellcasting   | 3 4 5 7 |  7.5
Unarmed Combat | 4 5 6 7 |  7.9
Fighting       | |  0.8

Action                   |  1- 3 |  4- 6 |  7- 9 | 10-12 || total
-------------------------+-------+-------+-------+-------++-------
Melee: Unarmed           |    96 |    95 |   609 |   105 ||   905
       Bite              |    16 |    23 |   144 |    28 ||   211
       Headbutt          |     5 |     1 |    35 |     1 ||    42
       Kick              |     9 |    13 |    52 |     3 ||    77
       Punch             |       |     2 |    11 |       ||    13
 Cast: Beastly Appendage |    21 |    12 |    54 |     3 ||    90
       Sticks to Snakes  |       |       |     6 |       ||     6
       Blade Hands       |       |       |     9 |     4 ||    13
  Use: Potion            |     1 |     1 |       |       ||     2
       Scroll            |       |       |     1 |       ||     1
 Stab: Sleeping          |     1 |     1 |     3 |     1 ||     6
       Distracted        |       |       |     3 |       ||     3
  Eat: Chunk             |     3 |     3 |    11 |     5 ||    22
       Ration            |       |       |     3 |       ||     3
Armor: Robe              |    24 |     2 |    60 |    12 ||    98
       Skin              |       |     4 |       |       ||     4
Dodge: Dodged            |    73 |    36 |   324 |    54 ||   487
